 Dungeon Crawl Stone Soup version 0.24-a0-250-g6074511 (webtiles) character file.

Game seed: 12786627536204462609

22 Borgoz the Cutter (level 3, -4/22 HPs)
             Began as a Kobold Gladiator on Apr 15, 2019.
             Slain by a gnoll (7 damage)
             ... on level 2 of the Dungeon.
             The game lasted 00:01:04 (562 turns).

Borgoz the Cutter (Kobold Gladiator)                 Turns: 562, Time: 00:01:06

Health: -4/22      AC:  5    Str: 17    XL:     3   Next: 7%
Magic:  3/3        EV: 16    Int:  9    God:
Gold:   10         SH:  0    Dex: 16    Spells: 2/2 levels left

rFire    . . .     SeeInvis .   a - +0 rapier
rCold    . . .     Gourm    .   (shield restricted)
rNeg     . . .     Faith    .   b - +0 leather armour
rPois    .         Spirit   .   c - +0 helmet
rElec    .         Reflect  .   h - +0 cloak
rCorr    .         Harm     .   (no gloves)
MR       .....                  (no boots)
Stlth    +.........             (no amulet)
HPRegen  0.07/turn              (no ring)
MPRegen  0.08/turn              (no ring)

@: mighty
A: small, carnivore
a: no special abilities


You were on level 2 of the Dungeon.
You were full.

You visited 1 branch of the dungeon, and saw 2 of its levels.

You collected 10 gold pieces.

Inventory:

Hand Weapons
 a - a +0 rapier (weapon)
Missiles
 d - 3 throwing nets (quivered)
Armour
 b - a +0 leather armour (worn)
 c - a +0 helmet (worn)
 h - a +0 cloak (worn)
Scrolls
 e - a scroll of identify {unknown}
 j - a scroll of remove curse {unknown}
 k - a scroll of teleportation {unknown}
Potions
 i - a potion of curing {unknown}
Comestibles
 f - a ration


   Skills:
 + Level 2.5 Fighting
 + Level 4.4 Short Blades
 - Level 2.4 Throwing
 + Level 0.4 Armour
 + Level 4.0 Dodging


You had 2 spell levels left.
You didn't know any spells.
Your spell library was empty.

Dungeon Overview and Level Annotations

Branches:
Dungeon (2/15)

Altars:
Ashenzari


Innate Abilities, Weirdness & Mutations

You are small and have problems with some larger weapons.
You are carnivorous and can eat meat at any time.


Message History

The gnoll closely misses you. The gnoll hits you but does no damage.
You barely miss the gnoll.
The gnoll is almost dead.
A rat comes into view.
The gnoll hits you. The gnoll completely misses you.
You barely miss the gnoll.
The gnoll is almost dead.
The gnoll closely misses you.
The gnoll hits you from afar with a +0 spear.
You are too injured to fight recklessly!
You are too injured to fight recklessly!
You are too injured to fight recklessly!
You hit the gnoll but do no damage. The gnoll barely misses you.
The gnoll completely misses you.
The gnoll hits you from afar with a +0 spear!
* * * LOW HITPOINT WARNING * * *
It was a potion of might.
You feel very mighty all of a sudden. The gnoll hits you!
You die...

#. #.. #.##.# #.##.# .
#.##.# ... ..##.#
#...###g##.####
#.ggg@........
######.##.### #.##.#
#.##<##[### #...........
#...........
##############.##.##.####
#..............##....#
#.#####.#####..##>.###


You could see 4 gnolls.

Vanquished Creatures
  3 dart slugs (D:1)
  4 goblins (D:1)
  A hobgoblin (D:1)
  5 bats
  2 frilled lizards (D:1)
  2 kobolds
17 creatures vanquished.

Notes
Turn   | Place    | Note
-------+----------+-------------------------------------------
     0 | D:1      | Borgoz the Kobold Gladiator began the quest for the Orb.
     0 | D:1      | Reached XP level 1. HP: 12/12 MP: 1/1
    26 | D:1      | Reached XP level 2. HP: 15/17 MP: 2/2
   401 | D:1      | Reached XP level 3. HP: 21/22 MP: 3/3
   452 | D:2      | Found a shattered altar of Ashenzari.
   562 | D:2      | Slain by a gnoll

Levels and vault maps discovered:
D:1:      psy_arrival_whirlpool, layout_basic
D:2:      layout_loops_ring, grunt_temple_overflow_order_and_chaos_1,
          nicolae_ashenzari_panopticon, kiku_gazebo_garden_becter, first_ration

Skill      XL: |  1  2 |
---------------+-------+-----
Dodging        | 4 |  4.0
Fighting       | |  2.5
Short Blades   | |  4.4
Throwing       | |  2.4
Armour         | |  0.4

Action                   || total
-------------------------++-------
Melee: Rapier            ||    52
  Use: Potion            ||     1
  Eat: Chunk             ||     3
Armor: Leather armour    ||    16
Dodge: Dodged            ||    42

Table legend:
 A = Non-vault XP
 B = Vault XP
 C = Vault XP percentage of total XP
 D = Non-vault monster count
 E = Vault monster count
 F = Vault count percentage of total count
                 A         B        C        D         E       F
            +---------+---------+-------+---------+---------+-------
      Total |      32 |       0 |   0.0 |      17 |       0 |   0.0
            +---------+---------+-------+---------+---------+-------
        D:1 |      30 |       0 |   0.0 |      15 |       0 |   0.0
        D:2 |       2 |       0 |   0.0 |       2 |       0 |   0.0
            +---------+---------+-------+---------+---------+-------
